 Dungeon Crawl Stone Soup version 0.26.0-10-g1f06aea511 (webtiles) character file.

Game seed: 3267895847596753373

71 Gauvater the Shield-Bearer (level 4, -2/37 HPs)
             Began as a Formicid Fighter on Jan 14, 2021.
             Killed by divine providence
             ... invoked by an orc priest
              (8 damage)
             ... on level 2 of the Dungeon.
             The game lasted 00:05:30 (1614 turns).

Gauvater the Shield-Bearer (Formicid Fighter)       Turns: 1614, Time: 00:05:31

Health: -2/37      AC:  7    Str: 22    XL:     4   Next: 47%
Magic:  0/4        EV:  8    Int:  7    God:
Gold:   39         SH:  9    Dex: 10    Spells: 3/3 levels left

rFire    . . .     SeeInvis +   a - +0 war axe
rCold    . . .     Faith    .   c - +0 kite shield
rNeg     . . .     Spirit   +   b - +0 scale mail
rPois    .         Reflect  .   (helmet unavailable)
rElec    .         Harm     .   (no cloak)
rCorr    .         Rampage  .   (no gloves)
Will     +....                  (no boots)
Stlth    ..........             e - amulet of guardian spirit
HPRegen  0.12/turn              i - ring of willpower
MPRegen  0.09/turn              (no ring)

@: no status effects
A: permanent stasis, dig shafts and tunnels, four strong arms, antennae 3
a: Dig, Shaft Self


You were on level 2 of the Dungeon.
You visited 1 branch of the dungeon, and saw 2 of its levels.

You collected 39 gold pieces.

Inventory:

Hand Weapons
 a - a +0 war axe (weapon)
Armour
 b - a +0 scale mail (worn)
 c - a +0 kite shield (worn)
Jewellery
 e - an amulet of guardian spirit (around neck)
 i - a ring of willpower (left hand)
Scrolls
 f - a scroll of identify {unknown}
Potions
 d - a potion of might


   Skills:
 + Level 3.9 Fighting
 + Level 3.1 Axes
 + Level 3.7 Armour
 + Level 0.3 Dodging
 + Level 4.0 Shields


You had 3 spell levels left.
You didn't know any spells.
Your spell library was empty.

Dungeon Overview and Level Annotations

Branches:
Dungeon (2/15)

Altars:


Innate Abilities, Weirdness & Mutations

You cannot be hasted, slowed, berserked, paralysed or teleported.
You can dig through walls and to a lower floor.
Your four strong arms can wield two-handed weapons with a shield.
You have a pair of large antennae on your head. (SInv)


Message History

A rat comes into view.
A rat is nearby!
An orc priest comes into view.
The orc priest shouts!
A hobgoblin comes into view.
Found a robe.
You see here a scroll labelled KEDE LOISUDI.
The orc priest invokes the aid of Beogh against you.
Beogh smites you!
* * * LOW HITPOINT WARNING * * *
You hear a shout!
Found a pair of gloves.
You block the rat's attack.
You completely miss the rat. You block the rat's attack.
The rat bites you but does no damage.
You hit the rat.
You kill the rat!
The orc priest calls down the wrath of Beogh upon you.
Beogh smites you!
You die...

.#. ## ....[# ...##..
...#...## #.....#
##.........
###.#...###....#...# {
......>....#..#..# ##
#...............### ..
#..................
.###.##......@...........
)...........$............
######..................
######........<....?.....#.
#............####....o......
..######.#...## ##..........
......................[.##.#
####.....###...!.#.###^..# #
...<.##### #####...# .....


You could see an orc priest.

Vanquished Creatures
  2 adders (D:2)
  An ooze (D:1)
  A worm (D:2)
  A leopard gecko (D:1)
  A giant cockroach (D:1)
  5 goblins (D:1)
  6 hobgoblins
  7 jackals (D:1)
  A ball python (D:1)
  5 bats (D:1)
  5 frilled lizards (D:1)
  4 kobolds (D:1)
  5 rats
44 creatures vanquished.

Notes
Turn   | Place    | Note
-------+----------+-------------------------------------------
     0 | D:1      | Gauvater the Formicid Fighter began the quest for the Orb.
     0 | D:1      | Reached XP level 1. HP: 18/18 MP: 1/1
    16 | D:1      | Reached XP level 2. HP: 14/24 MP: 2/2
   296 | D:1      | Reached XP level 3. HP: 29/30 MP: 3/3
  1546 | D:2      | Reached XP level 4. HP: 22/37 MP: 2/4
  1552 | D:2      | Reached skill level 4 in Shields
  1558 | D:2      | HP: 1/37 [poisoned by an adder]
  1614 | D:2      | Killed from afar by an orc priest

Illustrated notes

Levels and vault maps discovered:
D:1:      saegor_arrival_miasma, layout_loops_ring
D:2:      layout_rooms

Skill      XL: |  1  2  3  4 |
---------------+-------------+-----
Shields        | 4 |  4.0
Axes           | 3 |  3.1
Fighting       | |  3.9
Armour         | |  3.7
Dodging        | |  0.3

Action                   |  1- 3 |  4- 6 || total
-------------------------+-------+-------++-------
Melee: War axe           |   101 |    12 ||   113
 Abil: Dig               |    14 |       ||    14
  Use: Potion            |       |     2 ||     2
Armor: Scale mail        |    55 |     3 ||    58
Dodge: Dodged            |    58 |     9 ||    67
Block: Kite shield       |    68 |    14 ||    82
